 Dungeon Crawl Stone Soup version 0.31-a0-848-gaac375c287 (webtiles) character file.

Game seed: 10975790242825816369

102 retardedninja the Firebug (level 4, -6/36 HPs)
             Began as a Gargoyle Fire Elementalist on Oct 4, 2023.
             Killed by divine providence
             ... invoked by an orc priest
              (12 damage)
             ... on level 3 of the Dungeon.
             The game lasted 00:04:12 (2825 turns).

retardedninja the Firebug (GrFE)                    Turns: 2825, Time: 00:04:14

Health: -6/36      AC: 22    Str:  9 (11) XL:     4   Next: 78%
Magic:  7/7        EV:  2    Int: 15 (18) God:
Gold:   143        SH:  0    Dex:  9 (10) Spells: 5/8 levels left

rFire   . . .        i - +0 trident
rCold   . . .        (no shield)
rNeg    + . .        a - melded +0 robe
rPois   ∞            (helmet currently unavailable)
rElec   .            (cloak currently unavailable)
rCorr   .            (gloves currently unavailable)
SInv    .            (boots currently unavailable)
Will    .....        (no amulet)
Stlth   ++           (no ring)
HPRegen 0.26/turn    (no ring)
MPRegen 0.10/turn

%: no passive effects
@: tree-form, invisible
A: stationary, stasis, torment immunity, boosted hp, sickness immunity, AC +3,
negative energy resistance 1, (electricity resistance), torment resistance 1,
petrification resistance
a: no special abilities


You were on level 3 of the Dungeon.
You were a tree.
You visited 1 branch of the dungeon, and saw 3 of its levels.

You collected 143 gold pieces.

Inventory:

Hand Weapons
 i - a +0 trident (weapon)
Armour
 a - a +0 robe (melded)
 m - a +0 helmet
Jewellery
 l - a ring of willpower
Scrolls
 c - a scroll of blinking {unknown}
 e - a scroll of teleportation {unknown}
 h - 4 scrolls of identify {unknown}
 j - a scroll of enchant armour {unknown}
 k - a scroll of summoning {unknown}


   Skills:
 + Level 2.2 Dodging
 + Level 3.2 Stealth
 + Level 2.6 Spellcasting
 + Level 2.3 Conjurations
 + Level 3.5 Fire Magic


You had 5 spell levels left.
You knew the following spells:

 Your Spells              Type           Power      Damage    Failure   Level
a - Foxfire               Conj/Fire      40%        2x1d6     6%          1
b - Scorch                Fire           24%        2d6       8%          2

Your spell library contained the following spells:

 Spells                   Type           Power      Damage    Failure   Level
 Inner Flame              Hex/Fire       7%         N/A       30%         3
 Volatile Blastmotes      Fire/Tloc      14%        2d11      30%         3
 Flame Wave               Conj/Fire      10%        2d6       52%         4


Dungeon Overview and Level Annotations

Branches:
Dungeon (3/15)

Altars:

Shops:
D:1 ?


Innate Abilities, Weirdness & Mutations

You are a tree.
Your roots penetrate the ground, keeping you stationary.
You cannot be teleported.
You are immune to unholy pain and torment.
Your maximum health is greatly increased.
Your equipment is partially melded.
You are immune to sickness and miasma.
((Your stone body is resilient. (AC +3)))
You are immune to poison.
You resist negative energy. (rN+)
((You are resistant to electric shocks. (rElec)))
You are resistant to unholy torment.
You are immune to petrification.


Message History

The orc priest is moderately wounded.
The orc priest's fire resistance burns away.
The orc shouts!
An orc wizard, an orc and an orc priest come into view.
The orc priest miscasts a cantrip.
Casting: Scorch (safe; 6% risk of failure)
Confirm with . or Enter, or press ? or * to list all spells.
Flames lash the orc.
You kill the orc!
The orc priest shouts!
The orc priest mumbles some strange prayers to Beogh against you.
Beogh smites you!
Ouch! That really hurt!
* * * LOW HITPOINT WARNING * * *
Casting: Scorch (safe; 6% risk of failure)
Confirm with . or Enter, or press ? or * to list all spells.
Flames lash the orc.
You kill the orc!
The orc priest is no longer more vulnerable to fire.
It was a potion of lignification.
You turn into a tree.
Your +0 robe melds into your body.
Your roots penetrate the ground.
The orc wizard casts a spell at you.
The magic dart hits you but does no damage.
It was a potion of invisibility.
You fade into invisibility!
The orc wizard hits you but does no damage.
It was a potion of degeneration.
There was something very wrong with that liquid.
You feel weakened.
You feel dopey.
You feel clumsy.
Casting: Scorch (safe; 8% risk of failure)
Confirm with . or Enter, or press ? or * to list all spells.
You don't have enough magic to cast this spell.
Unknown command.
Casting: Scorch (safe; 8% risk of failure)
Confirm with . or Enter, or press ? or * to list all spells.
You don't have enough magic to cast this spell.
Magic courses through your body. The orc wizard barely misses you.
The orc priest mumbles some strange prayers to Beogh against you.
Beogh smites you!
You die...

#.....#
#.###.# #.#
#.#
########.###.#
#
#..........#.#
##.
#>######.#.#.#
.#... #.#
#.#.#.#
#.....#o##
#.....#
....)o.♣.#
###.###
###.###o## #.#
### #†# #.#
###.###
#.....#
###.#.#.##
#........#
###....##..#


You could see 2 orc priests and an orc wizard (unable to see you).

Vanquished Creatures
  Robin (D:3)
  2 adders (D:2)
  A worm (D:3)
  A dart slug (D:1)
  2 orcs (D:3)
  7 ball pythons
  3 endoplasms
  2 giant cockroaches
  14 goblins
  4 hobgoblins
  5 kobolds
  6 quokkas
  4 bats
  4 frilled lizards
  4 rats
60 creatures vanquished.

Vanquished Creatures (collateral kills)
  A foxfire (D:1)
1 creature vanquished.

Vanquished Creatures (others)
  194 foxfires
194 creatures vanquished.

Grand Total: 255 creatures vanquished

Notes
Turn   | Place    | Note
-------+----------+-------------------------------------------
     0 | D:1      | retardedninja the Gargoyle Fire Elementalist began the
                  | quest for the Orb.
     0 | D:1      | Reached XP level 1. HP: 10/10 MP: 3/3
   240 | D:1      | Reached XP level 2. HP: 15/15 MP: 0/5
   907 | D:1      | Found Cuwoubb's Magic Scroll Emporium.
   971 | D:1      | Reached XP level 3. HP: 13/19 MP: 0/6
  1623 | D:2      | Learned a level 2 spell: Scorch
  1964 | D:2      | Reached XP level 4. HP: 20/24 MP: 2/7
  2554 | D:3      | Noticed Robin
  2563 | D:3      | Killed Robin
  2825 | D:3      | Killed from afar by an orc priest

Illustrated notes

Levels and vault maps discovered:
D:1:      tarquinn_simple_flora_water_c, layout_loops_ring, serial_shops, shop,
          minmay_box_of_dots
D:2:      layout_rooms, dk_noncrumbling_4, hex_intersection
D:3:      layout_loops_corners, serial_shops, shop, uniq_robin

Skill      XL: |  1  2  3 |
---------------+----------+-----
Dodging        | 2 |  2.2
Conjurations   | 2 |  2.3
Stealth        | 3 |  3.2
Spellcasting   | |  2.6
Fire Magic     | |  3.5

Action                     |  1- 3 |  4- 6 || total
---------------------------+-------+-------++-------
  Melee: Unarmed           |     1 |       ||     1
         Trident           |    15 |    18 ||    33
   Cast: Foxfire           |    90 |    41 ||   131
         Scorch            |     1 |     3 ||     4
    Use: Potion            |       |     4 ||     4
 Armour: Robe              |    52 |    17 ||    69
         Skin              |       |     2 ||     2
  Dodge: Dodged            |    58 |    25 ||    83

Table legend: (Time is in decaauts)
 A = Elapsed time spent in this place.
 B = Non-inter-level travel time spent in this place.
 C = Inter-level travel time spent in this place.
 D = Time resting spent in this place.
 E = Time spent auto-exploring this place.
 F = Levels seen in this place.
 G = Mean time per level.
                   A        B        C        D        E       F      G
               +--------+--------+--------+--------+--------+-----+--------+
         Total |   2833 |   2706 |    127 |    161 |   2052 |   3 |  944.3 |
       Dungeon |   2833 |   2706 |    127 |    161 |   2052 |   3 |  944.3 |
               +--------+--------+--------+--------+--------+-----+--------+

Top non-repeatable levels by time:
     D:1: 1425 daAuts
     D:2: 957 daAuts
     D:3: 451 daAuts
